 Dungeon Crawl Stone Soup version 0.29-a0-997-gf6f7e2dfe7 (webtiles) character file.

Game seed: 9292529471673805991

91 gelatine the Insei (level 4, -1/28 HPs)
             Began as an Octopode Transmuter on Aug 4, 2022.
             Slain by a gnoll
             ... wielding a +0 spear
              (5 damage)
             ... on level 4 of the Dungeon.
             The game lasted 00:06:48 (2301 turns).

gelatine the Insei (Octopode Transmuter)            Turns: 2301, Time: 00:06:48

Health: -1/28      AC:  1    Str:  9    XL:     4   Next: 57%
Magic:  6/7        EV: 13    Int: 17    God:
Gold:   70         SH:  0    Dex: 12    Spells: 4/7 levels left

rFire   . . .      SeeInvis .     - Unarmed
rCold   . . .      Faith    .   (no shield)
rNeg    . . .      Spirit   .   (helmet currently unavailable)
rPois   .          Reflect  .   (no amulet)
rElec   .          Harm     .   (no ring)
rCorr   .          Rampage  .   (no ring)
Will    .....                   (no ring)
Stlth   +++.......              (no ring)
HPRegen 0.09/turn               (no ring)
MPRegen 0.10/turn               (no ring)
                                (no ring)
                                (no ring)

@: appendages (expiring)
A: tentacle spike 3, almost no armour, amphibious, 8 rings, camouflage 1,
gelatinous body 1, (nimble swimmer 1), tentacles
a: End Transformation


You were on level 4 of the Dungeon.
One of your tentacles had grown a beastly spike.
You visited 1 branch of the dungeon, and saw 4 of its levels.

You collected 70 gold pieces.

Inventory:

Hand Weapons
 b - a +0 arbalest
 c - a +0 rapier
Scrolls
 d - 3 scrolls of identify {unknown}
 g - a scroll of enchant armour {unknown}
 h - 4 scrolls of teleportation {unknown}
 o - a scroll of vulnerability {unknown}
 p - a scroll of magic mapping {unknown}
 q - a scroll of blinking {unknown}
 r - a scroll of butterflies {unknown}
Potions
 a - a potion of lignification
 e - a potion of magic {unknown}
 f - a potion of curing {unknown}
 i - a potion of attraction {unknown}
 j - a potion of invisibility {unknown}
 k - a potion of resistance {unknown}
 l - a potion of degeneration {unknown}
 m - a potion of heal wounds {unknown}
 n - a potion of flight {unknown}


   Skills:
 + Level 1.4 Fighting
 + Level 1.4 Ranged Weapons
 + Level 2.2 Dodging
 + Level 1.1 Stealth
 + Level 3.8 Unarmed Combat
 + Level 2.4 Spellcasting
 + Level 2.4 Transmutations


You had 4 spell levels left.
You knew the following spells:

 Your Spells              Type           Power      Damage    Failure   Level
a - Beastly Appendage     Tmut           20%        N/A       7%          1
b - Wereblood             Tmut           10%        N/A       11%         2

Your spell library contained the following spells:

 Spells                   Type           Power      Damage    Failure   Level
 Spider Form              Tmut/Pois      6%         N/A       34%         3
 Ignite Poison            Fire/Tmut/Pois 4%         N/A       36%         3
 Conjure Flame            Conj/Fire      2%         6-21      50%         3
 Gell's Gravitas          Tloc           2%         N/A       50%         3
 Ozocubu's Armour         Ice            2%         N/A       50%         3
 Teleport Other           Tloc           2%         N/A       50%         3
 Ice Form                 Ice/Tmut       6%         N/A       75%         4
 Sticky Flame             Conj/Fire      2%         2d3       88%         4
 Metabolic Englaciation   Hex/Ice        1%         N/A       99%         5
 Dispersal                Tloc           1%         N/A       100%        6
 Simulacrum               Ice/Necr       1%         N/A       100%        6


Dungeon Overview and Level Annotations

Branches:
Dungeon (4/15)
 Temple: D:4-7

Altars:
Nemelex Xobeh


Innate Abilities, Weirdness & Mutations

One of your tentacles has grown a beastly spike.
You cannot wear most types of armour.
You are amphibious.
You can wear up to eight rings at the same time.
Your skin changes colour to match your surroundings (Stealth+).
Your rubbery body absorbs attacks. (AC +1, EV +1)
((You are camouflaged when in or above water. (Stealth+)))
You have tentacles for arms and can constrict up to eight enemies at once.


Message History

Things that are here:
a +0 hand axe; a +0 trident
Things that are here:
a +0 whip; a +0 leather armour; a +0 war axe You howl as the wereblood boils in your veins!
You howl as the wereblood boils in your veins!
Your primal bloodlust has ended.
Magic restored.
HP restored.
Things that are here:
a +0 hand axe; a +0 trident
Found a stone staircase leading up.
A gnoll comes into view. It is wielding a +0 flail.
You miscast Beastly Appendage.
You are very lightly contaminated with residual magic.
Nothing appears to happen.
The gnoll shouts!
You hear a shout!
A gnoll comes into view. It is wielding a +0 vorpal spear.
One of your tentacles grows a vicious spike.
b - a +0 arbalest (weapon)
You shoot a bolt. The bolt hits the gnoll!
You kill the gnoll!
A gnoll comes into view. It is wielding a +0 spear.
You shoot a bolt. The bolt closely misses the gnoll.
The gnoll shouts!
Your transformation is almost over.
The gnoll hits you from afar with a +0 vorpal spear!
You are now empty-tentacled.
The gnoll hits you with a +0 vorpal spear.
Your magical contamination has completely faded away.
You barely miss the gnoll. Your grab misses the gnoll.
Your tentacle spike misses the gnoll.
The gnoll barely misses you.
The gnoll hits you with a +0 vorpal spear!
* * * LOW HITPOINT WARNING * * *
x2 You tentacle-slap the gnoll.
You grab the gnoll.
Your tentacle spike misses the gnoll.
The gnoll is lightly wounded.
You constrict the gnoll, but do no damage.
The gnoll hits you from afar with a +0 spear.
You die...

#.##########
#...........
#.##########
#########.#
#.......#.#
##.#####.#.#
#.....<#.#)# ##.
####....###.#)##.....
.......@.....).......
..###...g###.#.##.....
#..g$# #.#.# ###.
.)..#.# #.#.# #....#..
..#.# #....... .##.#
#......... #.# ###.
..... #.#


You could see 2 gnolls.

Vanquished Creatures
  A gnoll (D:4)
  6 worms
  2 dart slugs (D:1)
  5 orcs (D:4)
  7 bats
  7 endoplasms
  A giant cockroach (D:1)
  3 goblins
  3 hobgoblins
  3 kobolds
  2 quokkas
  5 ball pythons
  6 frilled lizards
  5 rats
56 creatures vanquished.

Notes
Turn   | Place    | Note
-------+----------+-------------------------------------------
     0 | D:1      | gelatine the Octopode Transmuter began the quest for the
                  | Orb.
     0 | D:1      | Reached XP level 1. HP: 13/13 MP: 3/3
   145 | D:1      | Reached XP level 2. HP: 16/18 MP: 3/5
   499 | D:1      | Reached XP level 3. HP: 23/23 MP: 4/6
   668 | D:1      | Learned a level 2 spell: Wereblood
   805 | D:2      | Reached skill level 1 in Ranged Weapons
   873 | D:2      | Found a faded altar of an unknown god.
  1753 | D:3      | Reached XP level 4. HP: 28/28 MP: 7/7
  2084 | D:3      | Found a faded altar of an unknown god.
  2089 | D:3      | Found a sparkling altar of Nemelex Xobeh.
  2215 | D:4      | Reached skill level 1 in Stealth
  2301 | D:4      | Slain by a gnoll

Illustrated notes

Levels and vault maps discovered:
D:1:      ebering_hopf_link, layout_basic, chequers_jeans
D:2:      layout_basic, shapermc_ecumenical_altar_pompeii, grunt_ministairs_8
D:3:      layout_basic, nicolae_overflow_ecumenical_swirl, minmay_between
D:4:      layout_basic

Skill      XL: |  1  2  3  4 |
---------------+-------------+-----
Ranged Weapons | 1 |  1.4
Stealth        | 1 |  1.1
Fighting       | |  1.4
Dodging        | |  2.2
Unarmed Combat | |  3.8
Spellcasting   | |  2.4
Transmutations | |  2.4

Action                   |  1- 3 |  4- 6 || total
-------------------------+-------+-------++-------
Melee: Arbalest          |    12 |       ||    12
       Constrict         |    16 |     6 ||    22
       Tentacles         |    16 |     3 ||    19
       Unarmed           |    59 |    17 ||    76
       Kick              |    15 |     5 ||    20
       Punch             |     1 |       ||     1
 Fire: Arbalest          |    20 |    13 ||    33
 Cast: Beastly Appendage |    16 |     5 ||    21
       Wereblood         |     2 |     1 ||     3
 Stab: Sleeping          |     2 |     1 ||     3
Armor: Skin              |     3 |     1 ||     4
Dodge: Dodged            |    33 |    11 ||    44

Table legend: (Time is in decaauts)
 A = Elapsed time spent in this place.
 B = Non-inter-level travel time spent in this place.
 C = Inter-level travel time spent in this place.
 D = Time resting spent in this place.
 E = Time spent auto-exploring this place.
 F = Levels seen in this place.
 G = Mean time per level.
                   A        B        C        D        E       F      G
               +--------+--------+--------+--------+--------+-----+--------+
         Total |   2320 |   2299 |     21 |      0 |   1856 |   4 |  580.0 |
       Dungeon |   2320 |   2299 |     21 |      0 |   1856 |   4 |  580.0 |
               +--------+--------+--------+--------+--------+-----+--------+

Top non-repeatable levels by time:
     D:3: 1043 daAuts
     D:1: 810 daAuts
     D:2: 342 daAuts
     D:4: 125 daAuts
